 Dungeon Crawl Stone Soup version 0.29.1-15-g9cfb28693d (webtiles) character file.

Game seed: 13206353204056889728

29 dudediamond6 the Shield-Bearer (level 3, -3/35 HPs)
             Began as a Gnoll Fighter on Feb 24, 2023.
             Succumbed to a goblin's poison
             ... on level 1 of the Dungeon.
             The game lasted 00:01:27 (623 turns).

dudediamond6 the Shield-Bearer (Gnoll Fighter)       Turns: 623, Time: 00:01:28

Health: -3/35      AC:  7    Str: 14 (17) XL:     3   Next: 16%
Magic:  2/4        EV: 10    Int:  5 (7)  God:
Gold:   21         SH:  5    Dex:  9 (11) Spells: 3/3 levels left

rFire   . . .      SeeInvis .   a - +0 long sword
rCold   + . .      Faith    .   c - +0 buckler
rNeg    . . .      Spirit   .   i - +1 ring mail {rC+}
rPois   .          Reflect  .   (no helmet)
rElec   .          Harm     .   (no cloak)
rCorr   .          Rampage  .   (no gloves)
Will    .....                   (no boots)
Stlth   +.........              (no amulet)
HPRegen 0.11/turn               (no ring)
MPRegen 0.09/turn               (no ring)

@: lethally poisoned (-3 -> -19)
A: fangs 1, strong nose, distributed training
a: no special abilities


You were on level 1 of the Dungeon.
You visited 1 branch of the dungeon, and saw 1 of its levels.

You collected 21 gold pieces.

Inventory:

Hand Weapons
 a - a +0 long sword (weapon)
Armour
 b - a +0 scale mail
 c - a +0 buckler (worn)
 i - a +1 ring mail of cold resistance (worn)
Scrolls
 f - a scroll of fear {unknown}
 g - a scroll of torment {unknown}
 h - a scroll of immolation
Potions
 d - 2 potions of might


   Skills:
 + Level 6.5 Fighting
 + Level 0.7 Short Blades
 + Level 4.5 Long Blades
 + Level 0.7 Axes
 + Level 0.7 Maces & Flails
 + Level 0.7 Polearms
 + Level 0.7 Staves
 + Level 0.7 Ranged Weapons
 + Level 0.7 Throwing
 + Level 6.5 Armour
 + Level 0.7 Dodging
 + Level 0.7 Stealth
 + Level 6.5 Shields
 + Level 0.7 Unarmed Combat
 + Level 0.7 Spellcasting
 + Level 0.5 Conjurations
 + Level 0.5 Hexes
 + Level 0.5 Summonings
 + Level 0.5 Necromancy
 + Level 0.5 Translocations
 + Level 0.5 Transmutations
 + Level 0.5 Fire Magic
 + Level 0.5 Ice Magic
 + Level 0.5 Air Magic
 + Level 0.5 Earth Magic
 + Level 0.5 Poison Magic
 + Level 0.9 Invocations
 + Level 0.7 Evocations


You had 3 spell levels left.
You didn't know any spells.
Your spell library contained the following spells:

 Spells                   Type           Power      Damage    Failure   Level
 Static Discharge         Conj/Air       0%         3-3/arc   82%         2
 Dispel Undead            Necr           0%         3d6       100%        4
 Sticky Flame             Conj/Fire      0%         2d3       100%        4


Dungeon Overview and Level Annotations

Branches:
Dungeon (1/15)

Altars:

Shops:
D:1 [


Innate Abilities, Weirdness & Mutations

You have very sharp teeth.
Your uncanny sense of smell can sniff out nearby items.
Your experience applies equally to all skills.


Message History

The gnoll is severely wounded.
You feel very sick. The gnoll misses you. You block the goblin's attack.
You closely miss the gnoll.
The gnoll is severely wounded.
You feel very sick.
The goblin hits you with a +1 dagger of venom.
You are lethally poisoned!
You block the gnoll's attack.
You barely miss the gnoll. You bite the gnoll, but do no damage.
The gnoll is severely wounded.
You feel very sick. You block the gnoll's attack.
You block the goblin's attack.
You are too injured to fight recklessly!
You are too injured to fight recklessly!
You closely miss the gnoll.
The gnoll is severely wounded.
You feel very sick.
The goblin hits you with a +1 dagger of venom.
You are more poisoned.
You block the gnoll's attack.
You hit the gnoll.
You kill the gnoll!
* * * LOW HITPOINT WARNING * * *
You feel very sick. The goblin hits you but does no damage.
You are more poisoned.
You block the goblin's attack.
You have reached level 3!
Your experience leads to an increase in your attributes!
Increase (S)trength, (I)ntelligence, or (D)exterity?
You feel stronger. x2
You slash the goblin!
You kill the goblin!
* * * LOW HITPOINT WARNING * * *
You feel very sick.
It was a potion of degeneration.
There was something very wrong with that liquid.
You feel weakened.
You feel dopey.
You feel clumsy.
You die...

#....♣~~♣♣♣..#.#
#....♣P~P♣♣.#..#
#....♣♣.♣♣....##
#............##
#.............##
##..............#
######......#......#..
#..........##........#
#...)@.....##......#..
#(..).....###......#..
#.........##.........#
#.........##......####
#.........##..#####
#.........##.##
##############


There were no monsters in sight!

Vanquished Creatures
  A gnoll (D:1)
  3 bats (D:1)
  3 endoplasms (D:1)
  4 goblins (D:1)
  A hobgoblin (D:1)
  2 quokkas (D:1)
  3 frilled lizards (D:1)
  A kobold (D:1)
18 creatures vanquished.

Notes
Turn   | Place    | Note
-------+----------+-------------------------------------------
     0 | D:1      | dudediamond6 the Gnoll Fighter began the quest for the Orb.
     0 | D:1      | Reached XP level 1. HP: 23/23 MP: 1/1
   107 | D:1      | Reached XP level 2. HP: 26/29 MP: 2/2
   515 | D:1      | Found Sioh's Antique Armour Emporium.
   622 | D:1      | Reached XP level 3. HP: 6/35 MP: 2/4
   622 | D:1      | HP: 1/35 [poisoned by a goblin]
   623 | D:1      | Succumbed to a goblin's poison

Illustrated notes

Levels and vault maps discovered:
D:1:      heliophobic_arrival_battle_scene, layout_rooms, serial_shops, shop,
          serial_bayou_crossing

Action                   || total
-------------------------++-------
Melee: Long sword        ||    53
       Bite              ||     6
  Use: Scroll            ||     1
       Potion            ||     1
Armor: Scale mail        ||    17
       Ring mail         ||     4
Dodge: Dodged            ||    20
Block: Buckler           ||    18
